 Dungeon Crawl Stone Soup version 0.29.0-11-gd7f09526c8 (webtiles) character file.

Game seed: 1293446242105310095

2644 doricub5 the Fighter (level 9, -2/85 HPs)
             Began as a Minotaur Fighter on Sept 2, 2022.
             Was a Believer of Okawaru.
             Slain by a killer bee (6 damage)
             ... on level 8 of the Dungeon.
             The game lasted 00:20:07 (6943 turns).

doricub5 the Fighter (Minotaur Fighter)             Turns: 6943, Time: 00:20:08

Health: -2/85      AC: 16    Str: 25    XL:     9   Next: 35%
Magic:  10/11      EV:  3    Int:  5    God:    Okawaru [**....]
Gold:   302        SH: 13    Dex: 10    Spells: 8/8 levels left

rFire   . . .      SeeInvis .   a - +0 war axe
rCold   . . .      Faith    .   w - +0 tower shield
rNeg    . . .      Spirit   .   y - +0 plate armour
rPois   .          Reflect  .   (helmet restricted)
rElec   .          Harm     .   (no cloak)
rCorr   .          Rampage  .   o - +0 pair of gloves
Will    .....                   (no boots)
Stlth   ..........              (no amulet)
HPRegen 0.24/turn               (no ring)
MPRegen 0.12/turn               (no ring)

@: lethally poisoned (-2 -> -7)
A: horns 2, retaliatory headbutt, claws 1, iridescent scales 1
a: Renounce Religion, Heroism


You were on level 8 of the Dungeon.
You worshipped Okawaru.
Okawaru was pleased with you.
You visited 2 branches of the dungeon, and saw 9 of its levels.

You collected 344 gold pieces.
You spent 42 gold pieces at shops.

Inventory:

Hand Weapons
 a - a +0 war axe (weapon)
Armour
 o - a +0 pair of gloves (worn)
 w - a +0 tower shield (worn)
 y - a +0 plate armour (worn)
 A - a +1 chain mail of poison resistance
Wands
 f - a wand of flame (44)
Scrolls
 b - 2 scrolls of identify
 c - a scroll of summoning {unknown}
 g - a scroll of fear
 h - a scroll of torment {unknown}
 i - a scroll of acquirement
 j - a scroll of butterflies {unknown}
 k - 4 scrolls of magic mapping
 l - a scroll of enchant armour {unknown}
 m - a scroll of immolation {unknown}
 p - 3 scrolls of teleportation
 t - a scroll of silence {unknown}
Potions
 d - a potion of might
 e - 3 potions of curing
 n - 2 potions of resistance {unknown}
 q - a potion of experience {unknown}
 r - a potion of invisibility {unknown}
 s - a potion of heal wounds {unknown}
 u - 2 potions of haste
 v - 3 potions of flight {unknown}
 x - a potion of ambrosia {unknown}
 z - a potion of attraction {unknown}


   Skills:
 * Level 10.3 Fighting
 + Level 7.2 Axes
 + Level 7.8 Armour
 + Level 5.7 Shields
 + Level 4.3 Invocations


You had 8 spell levels left.
You didn't know any spells.
Your spell library contained the following spells:

 Spells                   Type           Power      Damage    Failure   Level
 Necrotise                Necr           0%         1d4       100%        1
 Confusing Touch          Hex            0%         N/A       100%        3
 Vampiric Draining        Necr           0%         2d6       100%        3
 Agony                    Necr           0%         N/A       100%        5
 Yara's Violent Unravell  Hex/Tmut       0%         3d3       100%        5
 Enfeeble                 Hex            0%         N/A       100%        7


Dungeon Overview and Level Annotations

Branches:
Dungeon (8/15)             Temple (1/1) D:4
   Lair: D:8-11

Altars:
Ashenzari
Dithmenos
Fedhas
Hepliaklqana
Kikubaaqudgha
Makhleb
Nemelex Xobeh
Okawaru
Vehumet
Wu Jian
Yredelemnul

Shops:
D:3 *


Innate Abilities, Weirdness & Mutations

You have a pair of horns on your head.
You reflexively headbutt those who attack you in melee.
You have sharp fingernails.
You are partially covered in iridescent scales. (AC +2)


Message History

You feel sick. You block the killer bee's attack.
The killer bee barely misses you.
You barely miss the killer bee.
The killer bee is severely wounded.
You feel sick.
You are no longer poisoned.
You block the killer bee's attack. The killer bee stings you.
* * * LOW HITPOINT WARNING * * *
You closely miss the killer bee. You headbutt the killer bee.
The killer bee is severely wounded.
You block the killer bee's attack. The killer bee stings you.
* * * LOW HITPOINT WARNING * * *
You are poisoned.
The killer bee poisons you!
You slash the killer bee!
You kill the killer bee!
Okawaru accepts your kill.
* * * LOW HITPOINT WARNING * * *
You feel very sick. The killer bee stings you.
* * * LOW HITPOINT WARNING * * *
You are more poisoned.
The killer bee poisons you!
You feel better. You block the killer bee's attack. x2
You barely miss the killer bee. You block the killer bee's attack.
The killer bee stings you.
* * * LOW HITPOINT WARNING * * *
You are lethally poisoned!
The killer bee poisons you!
You barely miss the killer bee.
* * * LOW HITPOINT WARNING * * *
You feel very sick. You block the killer bee's attack.
The killer bee stings you but does no damage. x2
You hit the killer bee.
The killer bee is moderately wounded.
You feel like a meek peon again.
* * * LOW HITPOINT WARNING * * *
You feel sick. You block the killer bee's attack. The killer bee stings you.
You die...

#........#..................
#........+................. .
#........#................# .
#.####)......####.........# ..
#.....)......# #.........# ...
#............# #.........##...
#<...........# #..............
##...........#####+............
#...........'@y5>.............
######......###...............
###......###...###.........
#..........................
#..........................
#...................>......
#.........##.........#.....
#.........##.........#.....
#..........................


You could see a killer bee and a shadow imp.

Vanquished Creatures
  2 water moccasins
  2 black bears
  2 sky beasts (D:7)
  2 orc warriors
  2 ice beasts (D:7)
  2 ogres
  A phantom (D:5)
  2 bullfrogs
  3 necrophages
  2 scorpions
  4 wights (D:7)
  3 killer bees (D:8)
  6 orc priests
  A jelly (D:6)
  4 hounds
  Natasha (twice) (D:2)
  2 iguanas (D:5)
  4 orc wizards
  4 adders
  2 shadow imps
  A white imp (D:8)
  An ufetubus (D:5)
  A dart slug (D:1)
  24 orcs
  4 bats
  3 endoplasms
  4 giant cockroaches
  8 goblins
  4 hobgoblins
  3 jackals (D:1)
  8 quokkas
  5 ball pythons
  3 frilled lizards (D:1)
  10 kobolds
  6 rats
137 creatures vanquished.

Vanquished Creatures (others)
  8 fungi (D:7)
  6 plants (D:7)
14 creatures vanquished.

Grand Total: 151 creatures vanquished

Notes
Turn   | Place    | Note
-------+----------+-------------------------------------------
     0 | D:1      | doricub5 the Minotaur Fighter began the quest for the Orb.
     0 | D:1      | Reached XP level 1. HP: 19/19 MP: 0/0
   101 | D:1      | Reached XP level 2. HP: 23/27 MP: 1/1
   656 | D:1      | Reached skill level 4 in Fighting
   843 | D:1      | Found a faded altar of an unknown god.
  1074 | D:2      | Reached XP level 3. HP: 31/33 MP: 2/2
  1415 | D:2      | Found a basalt altar of Yredelemnul.
  1432 | D:2      | Noticed Natasha
  1437 | D:2      | Reached XP level 4. HP: 41/41 MP: 3/3
  1438 | D:2      | Killed Natasha
  1597 | D:2      | Noticed Natasha
  1603 | D:2      | Killed Natasha
  1604 | D:2      | Reached skill level 5 in Fighting
  1721 | D:3      | Reached XP level 5. HP: 48/48 MP: 4/4
  1897 | D:3      | Found Darhyses's General Store.
  1900 | D:3      | Bought a potion of curing for 42 gold pieces
  1902 | D:3      | Identified a scroll of acquirement
  2188 | D:4      | Reached skill level 5 in Armour
  2264 | D:4      | Reached skill level 6 in Fighting
  2326 | D:4      | Reached XP level 6. HP: 51/57 MP: 5/5
  2732 | D:4      | Found a broken altar of Ashenzari.
  2736 | D:4      | Saw a vision of the Swamp and the Spider Nest.
  2736 | D:4      | Noticed a boulder beetle
  2736 | D:4      | Noticed a redback
  2736 | D:4      | Noticed a culicivora
  2736 | D:4      | Noticed an entropy weaver
  2736 | D:4      | Noticed a boulder beetle
  2736 | D:4      | Noticed a jumping spider
  2736 | D:4      | Noticed a spriggan rider
  2736 | D:4      | Noticed a jumping spider
  2736 | D:4      | Noticed a jumping spider
  2736 | D:4      | Noticed a culicivora
  2736 | D:4      | Noticed a demonic crawler
  2736 | D:4      | Noticed a fenstrider witch
  2737 | D:4      | Noticed a jumping spider
  2737 | D:4      | Noticed a demonic crawler
  2738 | D:4      | Noticed a vampire mosquito
  2739 | D:4      | Noticed an eleionoma
  2740 | D:4      | Noticed an eleionoma
  2740 | D:4      | Noticed a tarantella
  2770 | D:4      | Found a staircase to the Ecumenical Temple.
  2791 | Temple   | Entered the Ecumenical Temple
  2811 | Temple   | Became a worshipper of Warmaster Okawaru
  3001 | D:5      | Entered Level 5 of the Dungeon
  3008 | D:5      | Reached skill level 7 in Fighting
  3008 | D:5      | Reached XP level 7. HP: 46/66 MP: 6/6
  3012 | D:5      | Reached skill level 5 in Axes
  3012 | D:5      | Reached skill level 1 in Invocations
  3481 | D:5      | Reached * piety under Okawaru
  3644 | D:5      | Found a burning altar of Makhleb.
  4239 | D:5      | Reached skill level 8 in Fighting
  4517 | D:6      | Reached XP level 8. HP: 67/74 MP: 8/8
  4548 | D:6      | Gained mutation: You have sharp toenails. [potion of
                  | mutation]
  4548 | D:6      | Gained mutation: You are clumsy. (Dex -2) [potion of
                  | mutation]
  4548 | D:6      | Gained mutation: You have an increased reservoir of magic.
                  | (+10% MP) [potion of mutation]
  4549 | D:6      | Lost mutation: You have sharp toenails. [potion of
                  | mutation]
  4549 | D:6      | Lost mutation: You are clumsy. (Dex -2) [potion of
                  | mutation]
  4549 | D:6      | Lost mutation: You have an increased reservoir of magic.
                  | (+10% MP) [potion of mutation]
  4549 | D:6      | Gained mutation: You sometimes lose your temper in combat.
                  | [potion of mutation]
  4549 | D:6      | Gained mutation: You are robust. (+10% HP) [potion of
                  | mutation]
  4549 | D:6      | Gained mutation: Your mind is acute. (Int +4, Str/Dex -1)
                  | [potion of mutation]
  4550 | D:6      | Lost mutation: You sometimes lose your temper in combat.
                  | [potion of mutation]
  4550 | D:6      | Lost mutation: You are robust. (+10% HP) [potion of
                  | mutation]
  4550 | D:6      | Lost mutation: Your mind is acute. (Int +4, Str/Dex -1)
                  | [potion of mutation]
  4550 | D:6      | Gained mutation: You have sharp fingernails. [potion of
                  | mutation]
  4550 | D:6      | Gained mutation: You are partially covered in iridescent
                  | scales. (AC +2) [potion of mutation]
  5132 | D:6      | Reached ** piety under Okawaru
  5254 | D:7      | Found a blossoming altar of Fedhas.
  5375 | D:7      | Reached skill level 9 in Fighting
  5659 | D:7      | Reached skill level 5 in Shields
  5663 | D:7      | Reached XP level 9. HP: 20/84 MP: 8/10
  6735 | D:8      | Reached skill level 10 in Fighting
  6943 | D:8      | HP: 4/85 [poisoned by a killer bee]
  6943 | D:8      | Slain by a killer bee

Illustrated notes

Levels and vault maps discovered:
D:1:      minmay_arrival_four_houses, layout_basic,
          ebering_ecumenical_altar_petrified, minmay_misc_feat_nine_boxes
D:2:      layout_rooms, basic_altar, chequers_decorated_corner,
          grunt_decor_resistance, uniq_natasha
D:3:      layout_rooms, serial_shops, shop, serial_corexii_hall,
          corexii_hall_statues_i, corexii_hall_statues_l, corexii_hall_statues_s
D:4:      layout_cave_pools, grunt_ashenzari_visionary
          [grunt_ashenzari_visionary_swamp, grunt_ashenzari_visionary_spider],
          minmay_temple_entry_offerings
D:5:      layout_basic, mainiacjoe_overflow_24_doors
D:6:      layout_rooms, minmay_misc_feat_plants
D:7:      layout_basic, fedhas_altar_3
D:8:      erik_cavepeople, layout_basic
Temple:   dshaligram_water_room_temple

Skill      XL: |  1  2  3  4  5  6  7  8  9 |
---------------+----------------------------+-----
Fighting       | 4 5 6 7 8 9 10 | 10.3
Armour         | 4 5 6 7 |  7.8
Axes           | 3 4 5 6 7 |  7.2
Shields        | 4 5 |  5.7
Invocations    | 2 3 4 |  4.3

Action                   |  1- 3 |  4- 6 |  7- 9 || total
-------------------------+-------+-------+-------++-------
Melee: War axe           |    75 |    89 |   197 ||   361
       Headbutt          |     6 |    20 |    42 ||    68
Throw: Dart              |       |       |     3 ||     3
Invok: Heroism           |       |       |     3 ||     3
  Use: Scroll            |       |     3 |     2 ||     5
       Potion            |       |       |     7 ||     7
Armor: Scale mail        |    42 |    33 |       ||    75
       Chain mail        |       |    28 |    87 ||   115
       Plate armour      |       |       |    57 ||    57
Dodge: Dodged            |    46 |    44 |    54 ||   144
Block: Buckler           |    20 |    17 |    14 ||    51
       Tower shield      |       |       |   106 ||   106
